 Dungeon Crawl Stone Soup version 0.32-a0-558-g233958a4c4 (webtiles) character file.

Game seed: 11085006902074585856

873 mopl the Summoner (level 8, 0/52 HPs)
             Began as a Barachi Summoner on Feb 29, 2024.
             Slain by a gnoll
             ... wielding a +0 halberd
             ... led by a gnoll bouda
              (6 damage)
             ... on level 5 of the Dungeon.
             The game lasted 00:07:14 (4109 turns).

mopl the Summoner (Barachi Summoner)                Turns: 4109, Time: 00:07:14

Health: 0/52       AC:  3    Str:  9    XL:     8   Next: 4%
Magic:  22/26      EV: 12    Int: 17    God:
Gold:   129        SH:  0    Dex: 14    Spells: 5/19 levels left

rFire   . . .        b - +2 whip (drain)
rCold   . . .        (no shield)
rNeg    . . .        n - +0 robe
rPois   .            (no helmet)
rElec   .            (no cloak)
rCorr   .            k - +0 pair of gloves
SInv    .            (no boots)
Will    .....        (no amulet)
Stlth   ++           q - ring of magical power
HPRegen 0.28/turn    (no ring)
MPRegen 0.20/turn

%: no passive effects
@: unable to hop, unable to call your familiar, slow
A: amphibious, slowness 1, strong legs 1, +LOS
a: Hop


You were on level 5 of the Dungeon.
You visited 1 branch of the dungeon, and saw 5 of its levels.

You collected 129 gold pieces.

Inventory:

Hand Weapons
 a - a +0 spear
 b - a +2 whip of draining (weapon)
 c - a +0 scythe
 g - a +0 dagger of speed
 r - a +0 trident
Missiles
 i - 11 poisoned darts
Armour
 k - a +0 pair of gloves (worn)
 n - a +0 robe (worn)
Jewellery
 q - a ring of magical power (left hand)
Scrolls
 d - 6 scrolls of identify {unknown}
 f - a scroll of vulnerability {unknown}
 h - 2 scrolls of revelation {unknown}
 l - a scroll of fear {unknown}
 m - a scroll of teleportation {unknown}
 o - a scroll of enchant armour {unknown}
 w - a scroll of torment {unknown}
 x - a scroll of immolation {unknown}
Potions
 e - a potion of enlightenment {unknown}
 j - a potion of ambrosia {unknown}
 p - a potion of lignification {unknown}
 s - 3 potions of might {unknown}
 t - a potion of magic
 u - a potion of haste {unknown}
 v - 3 potions of brilliance {unknown}


   Skills:
 + Level 2.5 Polearms
 - Level 2.1 Dodging
 - Level 1.7 Stealth
 * Level 6.2 Spellcasting
 * Level 8.6 Summonings


You had 5 spell levels left.
You knew the following spells:

 Your Spells              Type           Power      Damage    Failure   Level
a - Summon Lightning Spi  Summ/Air       19%        N/A       22%         4
b - Call Imp              Summ           68%        N/A       1%          2
c - Call Canine Familiar  Summ           34%        N/A       1%          3
d - Summon Small Mammal   Summ           100%       N/A       1%          1
g - Summon Blazeheart Go  Fire/Summ      19%        N/A       22%         4

Your spell library contained the following spells:

 Spells                   Type           Power      Damage    Failure   Level
 Apportation              Tloc           10%        N/A       13%         1
 Necrotise                Necr           20%        1d5       13%         1
 Sting                    Conj/Alch      20%        1d4       13%         1


Dungeon Overview and Level Annotations

Branches:
Dungeon (5/15)
 Temple: D:4-7

Altars:
Elyvilon
Vehumet

Shops:
D:4 :   D:5 ((

Annotations:
D:5 1 runed translucent door, heinrich's ghost, weakling GnDe


Innate Abilities, Weirdness & Mutations

You are amphibious.
You cover ground slowly.
You can hop short distances.
You have an extended range of vision and can be seen from far away.


Message History

Hop to where?
Press: ? - help, Dir - move target
Found 15 gold pieces.
Boing!
Your quokka bites the gnoll bouda but does no damage.
The gnoll bouda barks out a call to the hunt!
The gnoll picks up the pace!
The gnoll completely misses your inugami.
Your inugami hits the gnoll bouda but does no damage.
Your cerulean imp hits the gnoll bouda but does no damage.
Unknown command.
Unknown command.
Unknown command.
Your quokka bites the gnoll bouda but does no damage.
The gnoll hits your inugami with a +0 halberd.
Your inugami dies!
Your inugami disappears in a puff of smoke!
Your cerulean imp hits the gnoll bouda but does no damage.
Unknown command.
Your cerulean imp hits the gnoll bouda but does no damage.
Casting: Summon Small Mammal (safe; 1% risk of failure)
Confirm with . or Enter, or press ? or * to list all spells.
Okay, then.
Casting: Summon Lightning Spire (quite dangerous; 22% risk of failure)
Confirm with . or Enter, or press ? or * to list all spells.
Your cerulean imp hits the gnoll bouda from afar with a -1 spear.
The gnoll bouda dies!
Your quokka barely misses the gnoll.
Unknown command.
Unknown command.
Your quokka bites the gnoll.
Your attacks no longer feel as feeble.
The gnoll attacks as it pursues you! The gnoll closely misses you.
The gnoll misses you.
Your rat bites the gnoll.
Unknown command.
Unknown command.
You aren't carrying any items that you can evoke.
Unknown command.
Your rat barely misses the gnoll.
The gnoll hits you from afar with a +0 halberd.
You die...

#.## ##.## ##.##
#..## #..# ###...
##.###..... ######
##......... ....#
##..........
#..##.#..#........
#..###r.###.......
#@.##.5..###......
##.r##....#........
#...g)r.)).........
###.5#.............
##.#.............
#.....?.... ...
####........
#.........
#..........


You could see a gnoll (swift, ally target), a friendly cerulean imp (summoned)
and a friendly rat (summoned).

Vanquished Creatures
  A hound (D:4)
  2 iguanas (D:5)
  A mummy (D:4)
  6 adders
  A shadow imp (D:5)
  2 dart slugs (D:2)
  4 orcs
  7 ball pythons (D:1)
  7 bats
  4 endoplasms
  2 giant cockroaches
  6 goblins
  4 hobgoblins
  3 quokkas
  2 frilled lizards
  A hobgoblin zombie (D:4)
  6 kobolds
  A kobold zombie (D:4)
  An orc zombie (D:4)
  3 rats
64 creatures vanquished.

Vanquished Creatures (collateral kills)
  Sigmund (D:3)
  An ice beast (D:5)
  A phantom (D:4)
  A hound (D:5)
  2 jellies
  A gnoll bouda (D:5)
  2 iguanas (D:5)
  3 orc wizards
  4 gnolls (D:5)
  2 adders
  2 ufetubi (D:5)
  A ribbon worm (D:5)
  5 orcs
  2 goblins
  3 kobolds
  A quokka (D:5)
  A frilled lizard (D:1)
  A hobgoblin zombie (D:4)
34 creatures vanquished.

Grand Total: 98 creatures vanquished

Notes
Turn   | Place    | Note
-------+----------+-------------------------------------------
     0 | D:1      | mopl the Barachi Summoner began the quest for the Orb.
     0 | D:1      | Reached XP level 1. HP: 13/13 MP: 3/3
   152 | D:1      | Reached skill level 5 in Summonings
   206 | D:1      | Reached XP level 2. HP: 19/19 MP: 3/5
   280 | D:1      | Learned a level 2 spell: Call Imp
   395 | D:1      | Found a faded altar of an unknown god.
   637 | D:1      | Reached XP level 3. HP: 24/24 MP: 7/7
   639 | D:1      | Reached skill level 3 in Spellcasting
   773 | D:2      | Learned a level 3 spell: Call Canine Familiar
  1527 | D:2      | Reached XP level 4. HP: 18/30 MP: 9/9
  1702 | D:3      | Noticed Sigmund
  1711 | D:3      | Killed Sigmund
  1712 | D:3      | Reached skill level 4 in Spellcasting
  1712 | D:3      | Reached skill level 6 in Summonings
  1712 | D:3      | Reached XP level 5. HP: 34/35 MP: 5/11
  1721 | D:3      | Reached XP level 6. HP: 41/41 MP: 5/12
  1755 | D:3      | Reached skill level 7 in Summonings
  1762 | D:3      | HP: 2/41 [orc/+0 war axe (9)]
  2095 | D:3      | Learned a level 4 spell: Summon Lightning Spire
  2451 | D:4      | Reached skill level 5 in Spellcasting
  2854 | D:4      | Reached skill level 1 in Polearms
  3003 | D:4      | Reached XP level 7. HP: 27/46 MP: 14/14
  3107 | D:4      | Found Vaegeda's Tremendous Tomes.
  3252 | D:5      | Entered Level 5 of the Dungeon
  3306 | D:5      | Reached skill level 8 in Summonings
  3494 | D:5      | Reached skill level 2 in Polearms
  3593 | D:5      | Found a white marble altar of Elyvilon.
  3638 | D:5      | Found Ede Litz's Antique Weapon Emporium.
  3638 | D:5      | Found a radiant altar of Vehumet.
  3755 | D:5      | Reached skill level 6 in Spellcasting
  3853 | D:5      | Found Initziha's Weapon Boutique.
  3954 | D:5      | Found a runed translucent door.
  3958 | D:5      | Noticed heinrich's ghost (weakling GnDe)
  4066 | D:5      | Learned a level 4 spell: Summon Blazeheart Golem
  4103 | D:5      | Reached XP level 8. HP: 4/52 MP: 17/17
  4109 | D:5      | Slain by a gnoll

Illustrated notes

Levels and vault maps discovered:
D:1:      mainiacjoe_arrival_reflecting_pool, layout_loops_ring,
          nicolae_ecumenical_snake_handling
D:2:      layout_basic
D:3:      layout_rooms, minmay_hedge_maze, uniq_sigmund
D:4:      nicolae_cairo_tiling_large_dashed, layout_loops_ring,
          nicolae_shop_i_like_big_books, minmay_mini_ossuary
D:5:      layout_layer_cave, mainiacjoe_overflow_large_starburst, serial_shops,
          kennysheep_mini, shop, shop, nicolae_shop_behind_doors,
          gammafunk_ghost_grave

Skill      XL: |  1  2  3  4  5  6  7 |
---------------+----------------------+-----
Summonings     | 5 6 7 8 |  8.6
Spellcasting   | 3 4 5 6 |  6.2
Polearms       | 1 2 |  2.5
Dodging        | |  2.1
Stealth        | |  1.7

Action                     |  1- 3 |  4- 6 |  7- 9 || total
---------------------------+-------+-------+-------++-------
  Melee: Unarmed           |    23 |       |       ||    23
         Rapier            |    20 |       |       ||    20
         Dagger            |   167 |    56 |       ||   223
         Whip              |       |    49 |    76 ||   125
         Spear             |       |    45 |       ||    45
   Cast: Summon Small Mamm |     2 |       |     3 ||     5
         Call Imp          |       |     8 |     6 ||    14
         Call Canine Famil |       |     2 |     4 ||     6
Ability: Hop               |       |       |     1 ||     1
    Use: Potion            |       |     1 |       ||     1
   Stab: Sleeping          |     5 |     3 |       ||     8
 Armour: Robe              |   106 |    82 |    66 ||   254
  Dodge: Dodged            |   133 |   102 |    68 ||   303

Table legend: (Time is in decaauts)
 A = Elapsed time spent in this place.
 B = Non-inter-level travel time spent in this place.
 C = Inter-level travel time spent in this place.
 D = Time resting spent in this place.
 E = Time spent auto-exploring this place.
 F = Levels seen in this place.
 G = Mean time per level.
                   A        B        C        D        E       F      G
               +--------+--------+--------+--------+--------+-----+--------+
         Total |   4621 |   4473 |    148 |    626 |   2823 |   5 |  924.2 |
       Dungeon |   4621 |   4473 |    148 |    626 |   2823 |   5 |  924.2 |
               +--------+--------+--------+--------+--------+-----+--------+

Top non-repeatable levels by time:
     D:4: 989 daAuts
     D:5: 971 daAuts
     D:2: 935 daAuts
     D:3: 864 daAuts
     D:1: 860 daAuts
